 Dungeon Crawl Stone Soup version 0.32-a0-314-g526f7d4993 (webtiles) character file.

Game seed: 4936332885977212056

11505 ezpacito the Trooper (level 11, -17/77 HPs)
             Began as a Demonspawn Berserker on Feb 15, 2024.
             Was an Elder of Trog.
             Demolished by a skeletal warrior
             ... wielding a +0 short sword
              (20 damage)
             ... on level 11 of the Dungeon.
             The game lasted 00:15:34 (11154 turns).

ezpacito the Trooper (Demonspawn Berserker)        Turns: 11154, Time: 00:15:35

Health: -17/77     AC: 15    Str: 21    XL:     11   Next: 50%
Magic:  11/11      EV: 16    Int:  8    God:    Trog [****..]
Gold:   518        SH:  0    Dex: 13    Spells: 10/10 levels left

rFire   . . .        E - +0 battleaxe (venom)
rCold   . . .        (shield currently unavailable)
rNeg    . . .        g - +1 chain mail
rPois   .            K - +0 helmet
rElec   .            A - +0 cloak
rCorr   .            (no gloves)
SInv    .            (no boots)
Will    +....        (no amulet) Stlth
                     c - ring of willpower
HPRegen 0.32/turn    v - ring of Departure {Fly EV+5}
MPRegen 0.12/turn

%: random rage (3%)
@: on berserk cooldown, flying, slowed, very slow
A: claws 2, hooves 2, spiny 1, weakness stinger 1, berserk 1, frail 1, shaggy
fur 1
a: Renounce Religion, Berserk, Trog's Hand, Brothers in Arms


You were on level 11 of the Dungeon.
You worshipped Trog.
Trog was greatly pleased with you.
You visited 2 branches of the dungeon, and saw 12 of its levels.
You also visited: Sewer.

You collected 538 gold pieces.
You spent 20 gold pieces at shops.

Inventory:

Hand Weapons
 a - a +1 scimitar of flaming
 t - a +0 war axe of freezing
 E - a +0 battleaxe of venom (weapon)
Missiles
 d - 121 stones (quivered)
 h - 6 silver javelins
 i - 17 poisoned darts
 k - 3 javelins
 n - 4 datura-tipped darts
 p - 7 curare-tipped darts
 F - 5 boomerangs
 H - 9 throwing nets
Armour
 g - a +1 chain mail (worn)
 A - a +0 cloak (worn)
 K - a +0 helmet (worn)
Jewellery
 c - a ring of willpower (left claw)
 v - the ring of Departure (right claw) {Fly EV+5}
   (You found it on level 9 of the Dungeon)

   [ring of evasion]

   EV+5:      It affects your evasion (+5).
   Fly:       It grants you flight.
 C - a +4 ring of protection
 I - the ring "Luqi" {rPois Str-2 Int+3}
   (You found it on level 9 of the Dungeon)

   [ring of poison resistance]

   Str-2:     It affects your strength (-2).
   Int+3:     It affects your intelligence (+3).
   rPois:     It protects you from poison
Talismans
 j - a serpent talisman
 l - a maw talisman
 y - a beast talisman
Wands
 e - a wand of paralysis (9)
 x - a wand of flame (32)
 B - a wand of acid (10)
Scrolls
 f - 2 scrolls of fear
 m - a scroll of brand weapon
 r - a scroll of immolation
 s - 6 scrolls of teleportation
 G - a scroll of blinking
 J - a scroll of revelation
 L - 2 scrolls of identify
Potions
 b - 3 potions of brilliance
 o - 2 potions of enlightenment
 q - a potion of curing
 u - 2 potions of heal wounds
 z - 2 potions of attraction


   Skills:
 * Level 7.8 Fighting
 * Level 7.2 Axes
 + Level 2.5 Throwing
 * Level 6.8 Armour
 * Level 6.7 Dodging
 + Level 4.7 Stealth
 * Level 6.3 Unarmed Combat
 * Level 5.0 Evocations
 + Level 3.8 Shapeshifting


You had 10 spell levels left.
You didn't know any spells.
Your spell library contained the following spells:

 Spells                   Type           Power      Damage    Failure   Level
 Freeze                   Ice            0%         1d3       95%         1
 Blink                    Tloc           0%         N/A       98%         2
 Cigotuvi's Dreadful Rot  Necr/Alch/Air  0%         N/A       98%         2
 Ensorcelled Hibernation  Hex/Ice        0%         N/A       98%         2
 Lesser Beckoning         Tloc           0%         N/A       98%         2
 Momentum Strike          Conj/Tloc      0%         3d8       98%         2
 Frozen Ramparts          Ice            0%         1d1       100%        3
 Hailstorm                Conj/Ice       0%         3d5       100%        3
 Passwall                 Erth           0%         N/A       100%        3
 Swiftness                Air            0%         N/A       100%        3
 Manifold Assault         Tloc           0%         N/A       100%        4
 Summon Blazeheart Golem  Fire/Summ      0%         N/A       100%        4
 Dispersal                Tloc           0%         N/A       100%        6
 Orb of Destruction       Conj           0%         9d5       100%        7
 Spellforged Servitor     Conj/Summ      0%         N/A       100%        7
 Summon Hydra             Summ           0%         N/A       100%        7
 Disjunction              Tloc           0%         N/A       100%        8
 Summon Horrible Things   Summ           0%         N/A       100%        8


Dungeon Overview and Level Annotations

Branches:
Dungeon (11/15)            Temple (1/1) D:7           Sewer (visited)
   Lair: D:8-11         Orc: D:9-12

Altars:
Ashenzari
Cheibriados
Dithmenos
Fedhas
Gozag
Hepliaklqana
Kikubaaqudgha
Makhleb
Nemelex Xobeh
Okawaru
Qazlal
Ru
Sif Muna
Trog
Uskayaw
Vehumet
Wu Jian
Xom
Yredelemnul
Jiyva

Shops:
D:7 (

Annotations:
Temple 2 transporters


Innate Abilities, Weirdness & Mutations

You have very sharp fingernails.
You have hoof-like feet.
You are partially covered in sharp spines.
You have a small tail.
You sometimes lose your temper in combat.
You are frail. (-10% HP)
You are covered in fur. (AC +1)


Message History

The skeletal warrior is almost destroyed.
You completely miss the skeletal warrior.
The skeletal warrior hits you but does no damage.
The skeletal warrior hits you with a +0 flail!
* * * LOW HITPOINT WARNING * * *
You barely miss the skeletal warrior. You kick the skeletal warrior!
The skeletal warrior is almost destroyed.
You barely miss the skeletal warrior.
Unknown command.
You are too berserk!
You slash the skeletal warrior!
You destroy the skeletal warrior!
Trog accepts your kill.
You slash the skeletal warrior!
The skeletal warrior hits you with a +0 short sword!
* * * LOW HITPOINT WARNING * * *
Your Evocations skill increases to level 5!
You hit the skeletal warrior. You kick the skeletal warrior!
You tail-slap the skeletal warrior, but do no damage.
The skeletal warrior is moderately damaged.
You barely miss the skeletal warrior.
The skeletal warrior is struck by your spines.
The skeletal warrior barely misses you.
The skeletal warrior hits you but does no damage.
You closely miss the skeletal warrior.
You kick the skeletal warrior, but do no damage.
The skeletal warrior is moderately damaged.
You barely miss the skeletal warrior.
The skeletal warrior is struck by your spines.
The skeletal warrior misses you.
The skeletal warrior hits you with a +0 short sword.
* * * LOW HITPOINT WARNING * * *
You slash the skeletal warrior! Your kick misses the skeletal warrior.
The skeletal warrior is heavily damaged.
You completely miss the skeletal warrior.
You are no longer berserk.
You are exhausted.
You feel yourself slow down. The skeletal warrior misses you.
The skeletal warrior hits you with a +0 short sword!!
You die...

#.# #.# . #.# ..
#.########## ...####
#.##........ .......
#.##.####### .......
#.##.# #...
......z######....####.##
......z@..............##
#..#>##########..#######
#..# # #..# # #..# #
#..# # .... ##.. ###


You could see 2 skeletal warriors.

Vanquished Creatures
  2 two-headed ogres
  Erica (D:8)
  2 skeletal warriors (D:11)
  The ghost of Newt the Changeling, a novice MfSh of Okawaru (D:9)
  A cyclops (D:11)
  Maurice (D:8)
  2 slime creatures (D:9)
  Sigmund (D:3)
  A shadow (D:9)
  14 yaks
  3 water moccasins
  An acid dragon (D:10)
  An orc warrior (D:7)
  2 black bears
  An ice beast (D:7)
  A sky beast (D:7)
  A crocodile (Sewer)
  10 centaurs
  2 ogres (D:6)
  A brain worm (Sewer)
  5 bullfrogs
  2 kobold brigands (D:9)
  3 gnoll sergeants (D:9)
  2 scorpions (D:6)
  8 wights
  8 killer bees
  3 howler monkeys
  3 bombardier beetles
  5 hounds
  An orc priest (D:7)
  Crazy Yiuf (D:3)
  A gnoll bouda (D:9)
  4 jellies
  Ijyb (D:3)
  A sleepcap (D:6)
  Jessica (D:3)
  Terence (D:3)
  7 iguanas
  3 orc wizards
  11 gnolls (D:9)
  6 adders
  A shadow imp (D:8)
  4 ufetubi
  2 ribbon worms
  13 orcs
  9 bats
  6 endoplasms
  4 giant cockroaches
  7 goblins
  7 hobgoblins
  4 jackals (D:9)
  15 kobolds
  A quokka (D:5)
  7 ball pythons
  5 frilled lizards
  6 rats
217 creatures vanquished.

Notes
Turn   | Place    | Note
-------+----------+-------------------------------------------
     0 | D:1      | ezpacito the Demonspawn Berserker began the quest for the
                  | Orb.
     0 | D:1      | Reached XP level 1. HP: 18/18 MP: 1/1
   482 | D:1      | Discovered your monstrous ancestry.
   482 | D:1      | Gained mutation: You have large cloven feet. [demonic
                  | ancestry]
   482 | D:1      | Reached XP level 2. HP: 24/24 MP: 2/2
   823 | D:2      | Reached XP level 3. HP: 26/29 MP: 3/3
  1111 | D:2      | Reached skill level 1 in Unarmed Combat
  1385 | D:2      | Gained mutation: You have sharp fingernails. [demonic
                  | ancestry]
  1385 | D:2      | Reached XP level 4. HP: 35/35 MP: 4/4
  1590 | D:2      | Reached ** piety under Trog
  1848 | D:3      | Noticed Terence
  1857 | D:3      | Killed Terence
  1858 | D:3      | Reached skill level 1 in Stealth
  1939 | D:3      | Found a glowing drain.
  1971 | Sewer    | Entered a sewer
  1986 | Sewer    | Noticed a brain worm
  1993 | Sewer    | Killed a brain worm
  1994 | Sewer    | Gained mutation: You have very sharp fingernails. [demonic
                  | ancestry]
  1994 | Sewer    | Reached XP level 5. HP: 40/42 MP: 2/5
  2046 | Sewer    | Noticed a crocodile
  2053 | Sewer    | Killed a crocodile
  2054 | Sewer    | Reached skill level 1 in Shapeshifting
  2054 | Sewer    | Reached XP level 6. HP: 48/48 MP: 6/6
  2164 | D:3      | Noticed Sigmund
  2176 | D:3      | Killed Sigmund
  2230 | D:3      | Noticed Jessica
  2232 | D:3      | Noticed Ijyb
  2243 | D:3      | Killed Ijyb
  2244 | D:3      | Gained mutation: You are partially covered in sharp spines.
                  | [demonic ancestry]
  2244 | D:3      | Reached XP level 7. HP: 27/54 MP: 7/7
  2244 | D:3      | Killed Jessica
  2438 | D:3      | Found a burning altar of Makhleb.
  2578 | D:3      | Found a runed translucent door.
  2579 | D:3      | Noticed Crazy Yiuf
  2773 | D:3      | Killed Crazy Yiuf
  3476 | D:4      | Found a hide-covered altar of Uskayaw.
  3667 | D:5      | Entered Level 5 of the Dungeon
  3856 | D:5      | Noticed a yak
  3857 | D:5      | Noticed a yak
  3857 | D:5      | Noticed a yak
  3865 | D:5      | Killed a yak
  3866 | D:5      | Gained mutation: You have a small tail. [demonic ancestry]
  3866 | D:5      | Reached XP level 8. HP: 56/61 MP: 8/8
  3868 | D:5      | Reached skill level 5 in Fighting
  4043 | D:5      | Reached skill level 5 in Axes
  4794 | D:6      | Found a shadowy altar of Dithmenos.
  4878 | D:6      | Reached XP level 9. HP: 68/68 MP: 9/9
  5206 | D:6      | Reached skill level 1 in Evocations
  5538 | D:6      | Found a sparkling altar of Nemelex Xobeh.
  6066 | D:7      | Reached skill level 5 in Armour
  6066 | D:7      | Reached skill level 5 in Dodging
  6202 | D:7      | Reached *** piety under Trog
  6297 | D:7      | Found a staircase to the Ecumenical Temple.
  6405 | D:7      | Found Xamyo's Weapon Boutique.
  6411 | D:7      | Bought 9 stones for 14 gold pieces
  6411 | D:7      | Bought 4 stones for 6 gold pieces
  7029 | Temple   | Found a transporter.
  7029 | Temple   | Found a transporter.
  7029 | Temple   | Found a transporter.
  7029 | Temple   | Found a transporter.
  7029 | Temple   | Entered the Ecumenical Temple
  7608 | D:8      | Noticed a two-headed ogre
  7618 | D:8      | Killed a two-headed ogre
  7619 | D:8      | Reached skill level 1 in Throwing
  7619 | D:8      | Reached skill level 5 in Unarmed Combat
  7619 | D:8      | Reached XP level 10. HP: 50/77 MP: 10/10
  7768 | D:8      | Identified the +5 ring mail "Buer" {Harm Regen+ Str-3}
  7857 | D:8      | Noticed Maurice
  7866 | D:8      | Something stole 6 silver javelins
  7870 | D:8      | Something stole a +4 ring of protection
  7874 | D:8      | Something stole a beast talisman
  7875 | D:8      | Something stole a +1 great sword of flaming
  7886 | D:8      | Something stole 418 gold
  7891 | D:8      | Paralysed by something for 2 turns
  7935 | D:8      | Killed Maurice
  8314 | D:8      | Noticed Erica
  8320 | D:8      | Killed Erica
  9099 | D:9      | Identified the ring of Departure {Fly EV+5}
  9224 | D:9      | Found a bloodstained altar of Trog.
  9290 | D:9      | Got the Folio of Stormy Mustering
  9385 | D:9      | Found a runed translucent gate.
  9385 | D:9      | Found a runed translucent gate.
  9757 | D:9      | Found a runed translucent gate.
  9757 | D:9      | Noticed Newt's ghost (novice MfSh)
  9846 | D:9      | Identified the ring "Luqi" {rPois Str-2 Int+3}
  9917 | D:9      | Found a viscous altar of Jiyva.
  9918 | D:9      | Gained mutation: You passively map a small area around you.
                  | [potion of mutation]
  9932 | D:9      | Killed Newt's ghost
  9967 | D:10     | Entered Level 10 of the Dungeon
  9995 | D:10     | Gained mutation: You have hoof-like feet. [demonic
                  | ancestry]
  9995 | D:10     | Reached XP level 11. HP: 42/84 MP: 11/11
 10375 | D:10     | Reached **** piety under Trog
 10890 | D:10     | Lost mutation: You passively map a small area around you.
                  | [potion of mutation]
 10890 | D:10     | Gained mutation: You are dopey. (Int -2) [potion of
                  | mutation]
 10890 | D:10     | Gained mutation: Your movements are slightly less
                  | encumbered by armour. (ER -2) [potion of mutation]
 10890 | D:10     | Gained mutation: You passively dampen the noise of your
                  | surroundings. [potion of mutation]
 10890 | D:10     | Gained mutation: Your spells are a little harder to cast,
                  | but a little more powerful. [potion of mutation]
 10891 | D:10     | Lost mutation: Your spells are a little harder to cast, but
                  | a little more powerful. [potion of mutation]
 10891 | D:10     | Lost mutation: You are dopey. (Int -2) [potion of mutation]
 10891 | D:10     | Lost mutation: You passively dampen the noise of your
                  | surroundings. [potion of mutation]
 10891 | D:10     | Gained mutation: You occasionally lose the ability to drink
                  | potions when taking damage. [potion of mutation]
 10892 | D:10     | Lost mutation: You occasionally lose the ability to drink
                  | potions when taking damage. [potion of mutation]
 10892 | D:10     | Lost mutation: Your movements are slightly less encumbered
                  | by armour. (ER -2) [potion of mutation]
 10892 | D:10     | Gained mutation: You are covered in fur. (AC +1) [potion of
                  | mutation]
 10892 | D:10     | Gained mutation: You sometimes lose your temper in combat.
                  | [potion of mutation]
 10892 | D:10     | Gained mutation: You are frail. (-10% HP) [potion of
                  | mutation]
 10912 | D:11     | Noticed a two-headed ogre
 10919 | D:11     | Killed a two-headed ogre
 11130 | D:11     | Noticed a skeletal warrior
 11133 | D:11     | Noticed a skeletal warrior
 11138 | D:11     | Noticed a skeletal warrior
 11140 | D:11     | Noticed a skeletal warrior
 11141 | D:11     | Killed a skeletal warrior
 11151 | D:11     | Killed a skeletal warrior
 11152 | D:11     | Reached skill level 5 in Evocations
 11153 | D:11     | HP: 4/115 [skeletal warrior/+0 short sword (5)]
 11154 | D:11     | Demolished by a skeletal warrior

Illustrated notes

Levels and vault maps discovered:
D:1:      minmay_arrival_shattered_statue, layout_loops_ring,
          nicolae_twisty_statue_hallways
D:2:      layout_basic, serial_co_window_serial, co_window_paths_a,
          co_window_paths_b, co_window_corner_a, co_window_paths_a,
          co_window_paths_b, co_window_corner_a, co_window_corner_b,
          co_window_broadway_a, co_window_2corner, co_window_paths_e,
          glass_columns_a, glass_columns_c, grunt_decor_junction,
          minmay_misc_feat_iff, hangedman_decor_opposing, fountainhead
D:3:      layout_basic, mainiacjoe_overflow_paths, cheibrodos_sewer_entry_bend,
          uniq_sigmund, uniq_ijyb, uniq_terence, uniq_crazy_yiuf_cottage,
          uniq_jessica
D:4:      layout_basic, mainiacjoe_overflow_small_starburst, nicolae_titane
D:5:      layout_cave_pods, minmay_crystal_room
D:6:      layout_basic, nicolae_dithmenos_shadow_blocks, old_standard_altar
D:7:      layout_basic, temple_green, serial_shops,
          nicolae_shop_bloodbath_and_beyond, minmay_misc_feat_ornament
D:8:      layout_layer_cave, uniq_erica, uniq_maurice
D:9:      layout_big_octagon, mainiacjoe_overflow_surrounded_room,
          gammafunk_ghost_ooze, serial_gnoll_camp, gnoll_camp_mini_basic,
          gnoll_camp_medium_01, gnoll_camp_mini_house, gnoll_camp_mini_hut,
          minivault_1
D:10:     layout_long_grid
D:11:     layout_loops_ring, grunt_lair_entry_orc_guard_hut, orc_0_dummy
Temple:   hellmonk_temple_divided_pantheon

Skill      XL: |  1  2  3  4  5  6  7  8  9 10 11 |
---------------+----------------------------------+-----
Armour         | 2 3 4 5 6 |  6.8
Dodging        | 2 3 4 5 6 |  6.7
Axes           | 3 4 5 6 7 |  7.2
Unarmed Combat | 1 2 3 4 5 6 |  6.3
Stealth        | 1 2 3 4 |  4.7
Shapeshifting  | 1 2 3 |  3.8
Fighting       | 4 5 6 7 |  7.8
Evocations     | 3 4 5 |  5.0
Throwing       | 1 2 |  2.5

Action                     |  1- 3 |  4- 6 |  7- 9 | 10-12 || total
---------------------------+-------+-------+-------+-------++-------
  Melee: Hand axe          |   105 |    27 |       |       ||   132
         War axe           |       |    44 |   218 |    54 ||   316
         Kick              |       |       |    45 |    60 ||   105
         Tailslap          |       |       |    20 |    33 ||    53
         Battleaxe         |       |       |       |   146 ||   146
 Invoke: Berserk           |       |     5 |     7 |     7 ||    19
         Trog's Hand       |       |       |     2 |     2 ||     4
  Evoke: Wand              |       |       |       |     4 ||     4
    Use: Scroll            |       |     6 |     8 |     7 ||    21
         Potion            |       |       |     3 |     8 ||    11
 Armour: Leather armour    |     8 |       |       |       ||     8
         Scale mail        |    60 |    61 |       |       ||   121
         Chain mail        |       |       |   240 |   232 ||   472
  Dodge: Dodged            |    55 |    47 |   122 |   180 ||   404

Table legend: (Time is in decaauts)
 A = Elapsed time spent in this place.
 B = Non-inter-level travel time spent in this place.
 C = Inter-level travel time spent in this place.
 D = Time resting spent in this place.
 E = Time spent auto-exploring this place.
 F = Levels seen in this place.
 G = Mean time per level.
                   A        B        C        D        E       F      G
               +--------+--------+--------+--------+--------+-----+--------+
         Total |  11454 |  11038 |    416 |    522 |   8631 |  13 |  881.1 |
       Dungeon |  11300 |  10885 |    415 |    522 |   8566 |  11 | 1027.3 |
        Temple |      1 |      1 |      0 |      0 |      0 |   1 |    1.0 |
         Sewer |    151 |    151 |      0 |      0 |     65 |   1 |  151.0 |
               +--------+--------+--------+--------+--------+-----+--------+

Top non-repeatable levels by time:
     D:8: 1719 daAuts
     D:9: 1255 daAuts
     D:6: 1223 daAuts
     D:7: 1116 daAuts
     D:5: 1110 daAuts
     D:2: 1056 daAuts
     D:3: 1011 daAuts
    D:10: 954 daAuts
     D:4: 838 daAuts
     D:1: 745 daAuts
    D:11: 268 daAuts
   Sewer: 151 daAuts
  Temple: 1 daAuts
